| TOP OF THE 1ST |
|
Hagerstown Suns batting - Pitching for Binghamton Mets : RHP Raymundo Pato
|
|
Pitching: RHP Raymundo Pato
|
|
|
Batting: LHB Chris Williams
|
0-0: Ball 1-0: DOUBLE (Flyball, 78D, EV 96.9 MPH)
|
|
Batting: RHB Leo Gutierrez
|
0-0: Ball Chris Williams steals 3rd base 1-0: Ball 2-0: Ground out 4-3 (Groundball, 4, EV 85.6 MPH) Chris Williams scores
|
|
Batting: LHB John Holst
|
0-0: Swinging Strike 0-1: Fly out, F9 (Line Drive, 9S, EV 91.2 MPH)
|
|
Batting: RHB John Savard
|
0-0: Ball 1-0: Foul Ball, location: 2F 1-1: Ball 2-1: Foul Ball, location: 2F 2-2: Foul Ball, location: 2F 2-2: Ball 3-2: Foul Ball, location: 2F 3-2: Foul Ball, location: 2F 3-2: Ground out 6-3 (Groundball, 6D, EV 103.1 MPH)
|
| Top of the 1st over - 1 run, 1 hit, 0 errors, 0 left on base; Hagerstown 1 - Binghamton 0 |
| BOTTOM OF THE 1ST |
|
Binghamton Mets batting - Pitching for Hagerstown Suns : LHP Peni Keli'i
|
|
Pitching: LHP Peni Keli'i
|
|
|
Batting: RHB Oscar Bravo
|
0-0: Ball 1-0: Ball 2-0: Ball 3-0: Called Strike 3-1: Fly out, F9 (Flyball, 9LS, EV 88.1 MPH)
|
|
Batting: LHB Jamel Alexander
|
0-0: Ball 1-0: Ball 2-0: Called Strike 2-1: Called Strike 2-2: Ball 3-2: Foul Ball, location: 2F 3-2: Base on Balls
|
|
Batting: LHB Bayesa Mundhir
|
0-0: Swinging Strike 0-1: Ball 1-1: Foul Ball, location: 2F 1-2: Strikes out looking
|
|
Batting: RHB Mike Hanks
|
0-0: Fly out, F8 (Flyball, 8RXD, EV 96.2 MPH)
|
| Bottom of the 1st over - 0 runs, 0 hits, 0 errors, 1 left on base; Hagerstown 1 - Binghamton 0 |
| TOP OF THE 2ND |
|
Hagerstown Suns batting - Pitching for Binghamton Mets : RHP Raymundo Pato
|
|
Batting: LHB Vince McLane
|
0-0: SINGLE (Groundball, 34S, EV 62.5 MPH) (infield hit)
|
|
Batting: LHB Yasuo Igarashi
|
0-0: Called Strike 0-1: Ball 1-1: Ball 2-1: Foul Ball, location: 2F 2-2: Fly out, F7 (Flyball, 7D, EV 90.6 MPH)
|
|
Batting: SHB Alex Medina
|
0-0: Ball 1-0: Called Strike 1-1: Foul Ball, location: 2F 1-2: Strikes out swinging
|
|
Batting: LHB Adam Jacobs
|
0-0: Ball 1-0: Ball 2-0: Ground out 4-3 (Groundball, 4, EV 102.5 MPH)
|
| Top of the 2nd over - 0 runs, 1 hit, 0 errors, 1 left on base; Hagerstown 1 - Binghamton 0 |
| BOTTOM OF THE 2ND |
|
Binghamton Mets batting - Pitching for Hagerstown Suns : LHP Peni Keli'i
|
|
Batting: SHB Jason Evans
|
0-0: Called Strike 0-1: Ball 1-1: Ground out 6-3 (Groundball, 6, EV 97.5 MPH)
|
|
Batting: LHB Dan Bremseth
|
0-0: SINGLE (Line Drive, 7S, EV 91.9 MPH)
|
|
Batting: SHB Jerry Burrows
|
0-0: Swinging Strike 0-1: Ball 1-1: Called Strike Dan Bremseth is caught stealing 2nd base 2-4 1-2: Strikes out looking
|
| Bottom of the 2nd over - 0 runs, 1 hit, 0 errors, 0 left on base; Hagerstown 1 - Binghamton 0 |
| TOP OF THE 3RD |
|
Hagerstown Suns batting - Pitching for Binghamton Mets : RHP Raymundo Pato
|
|
Batting: LHB Adam Lancaster
|
0-0: Foul Ball, location: 2F 0-1: Fly out, F5 (Popup, 5SF, EV 80.0 MPH)
|
|
Batting: LHB Chris Williams
|
0-0: Ball 1-0: Called Strike 1-1: Ball 2-1: Called Strike 2-2: Foul Ball, location: 2F 2-2: Foul Ball, location: 2F 2-2: Ball 3-2: Fly out, F6 (Popup, 6, EV 69.4 MPH)
|
|
Batting: RHB Leo Gutierrez
|
0-0: Ball 1-0: Called Strike 1-1: SINGLE (Groundball, 6MD, EV 106.9 MPH)
|
|
Batting: LHB John Holst
|
0-0: Called Strike 0-1: Ball Wild Pitch! Leo Gutierrez to second 1-1: Called Strike 1-2: Foul Ball, location: 2F 1-2: Ball 2-2: SINGLE (Line Drive, 78S, EV 105.0 MPH) Leo Gutierrez to third Runner from 3rd tries for Home, throw by LF and OUT! 7-2
|
| Top of the 3rd over - 0 runs, 2 hits, 0 errors, 1 left on base; Hagerstown 1 - Binghamton 0 |
| BOTTOM OF THE 3RD |
|
Binghamton Mets batting - Pitching for Hagerstown Suns : LHP Peni Keli'i
|
|
Batting: RHB David Stayton
|
0-0: Ball 1-0: Called Strike 1-1: Fly out, F4 (Popup, 23, EV 95.6 MPH)
|
|
Batting: RHB Gang-sheng Chew
|
0-0: Foul Ball, location: 2F 0-1: Ball 1-1: Foul Ball, location: 2F 1-2: Ball 2-2: Foul Ball, location: 2F 2-2: Ball 3-2: Strikes out looking
|
|
Batting: RHB Oscar Bravo
|
0-0: Foul Ball, location: 2F 0-1: Foul Ball, location: 2F 0-2: Fly out, F7 (Flyball, 7, EV 87.5 MPH)
|
| Bottom of the 3rd over - 0 runs, 0 hits, 0 errors, 0 left on base; Hagerstown 1 - Binghamton 0 |
| TOP OF THE 4TH |
|
Hagerstown Suns batting - Pitching for Binghamton Mets : RHP Raymundo Pato
|
|
Batting: RHB John Savard
|
0-0: Ball 1-0: SINGLE (Groundball, 56S, EV 96.9 MPH)
|
|
Batting: LHB Vince McLane
|
0-0: Ball 1-0: SINGLE (Groundball, 4MD, EV 95.0 MPH) John Savard to second Runner from 2nd tries for 3rd, SAFE, throw by CF made to third
|
|
Batting: LHB Yasuo Igarashi
|
0-0: Fly out, F7 (Flyball, 7, EV 98.1 MPH)
|
|
Batting: SHB Alex Medina
|
0-0: Ball Vince McLane steals 2nd base 1-0: Foul Ball, location: 2F 1-1: Ball 2-1: Fly out, F8 (Line Drive, 78S, EV 96.2 MPH) Lined into DP, 8-4 (Line Drive, 78S, EV 96.2 MPH)
|
| Top of the 4th over - 0 runs, 2 hits, 0 errors, 1 left on base; Hagerstown 1 - Binghamton 0 |
| BOTTOM OF THE 4TH |
|
Binghamton Mets batting - Pitching for Hagerstown Suns : LHP Peni Keli'i
|
|
Batting: LHB Jamel Alexander
|
0-0: Called Strike 0-1: Ball 1-1: Ball 2-1: Called Strike 2-2: Foul Ball, location: 2F 2-2: Foul Ball, location: 2F 2-2: Ball 3-2: Fly out, F7 (Flyball, 7, EV 98.1 MPH)
|
|
Batting: LHB Bayesa Mundhir
|
0-0: Called Strike 0-1: Called Strike 0-2: Ball 1-2: Ball 2-2: SINGLE (Line Drive, 89S, EV 105.6 MPH)
|
|
Batting: RHB Mike Hanks
|
0-0: Swinging Strike 0-1: Swinging Strike 0-2: Ball 1-2: Ball 2-2: Foul Ball, location: 2F 2-2: Foul Ball, location: 2F 2-2: Strikes out looking
|
|
Batting: SHB Jason Evans
|
0-0: Swinging Strike 0-1: Swinging Strike 0-2: Ball 1-2: Ball 2-2: Ball 3-2: Foul Ball, location: 2F 3-2: Foul Ball, location: 2F 3-2: Foul Ball, location: 2F 3-2: Strikes out swinging
|
| Bottom of the 4th over - 0 runs, 1 hit, 0 errors, 1 left on base; Hagerstown 1 - Binghamton 0 |
| TOP OF THE 5TH |
|
Hagerstown Suns batting - Pitching for Binghamton Mets : RHP Raymundo Pato
|
|
Batting: LHB Adam Jacobs
|
0-0: Called Strike 0-1: Ground out 5-3 (Groundball, 25, EV 87.5 MPH)
|
|
Batting: LHB Adam Lancaster
|
0-0: Ball 1-0: Ball 2-0: Ball 3-0: Base on Balls
|
|
Batting: LHB Chris Williams
|
0-0: Foul Ball, location: 2F 0-1: Ball 1-1: Foul Ball, location: 2F 1-2: Fielders Choice at 2nd, 6-4 (Groundball, 6, EV 101.9 MPH)
|
|
Batting: RHB Leo Gutierrez
|
0-0: Ball 1-0: Swinging Strike 1-1: Called Strike 1-2: Fly out, F8 (Flyball, 8RXD, EV 106.9 MPH)
|
| Top of the 5th over - 0 runs, 0 hits, 0 errors, 1 left on base; Hagerstown 1 - Binghamton 0 |
| BOTTOM OF THE 5TH |
|
Binghamton Mets batting - Pitching for Hagerstown Suns : LHP Peni Keli'i
|
|
Batting: LHB Dan Bremseth
|
0-0: Called Strike 0-1: Ball 1-1: Foul Ball, location: 2F 1-2: Fly out, F8 (Flyball, 8LS, EV 76.2 MPH)
|
|
Batting: SHB Jerry Burrows
|
0-0: Called Strike 0-1: Ball 1-1: DOUBLE (Flyball, 89XD, EV 99.4 MPH)
|
|
Batting: RHB David Stayton
|
0-0: Called Strike 0-1: Ball 1-1: Fly out, F5 (Line Drive, 5L, EV 73.8 MPH)
|
|
Batting: RHB Gang-sheng Chew
|
0-0: Called Strike 0-1: DOUBLE (Line Drive, 9LS, EV 101.9 MPH) Jerry Burrows scores
|
|
Batting: RHB Oscar Bravo
|
0-0: Ball 1-0: Swinging Strike 1-1: Fly out, F9 (Line Drive, 9, EV 97.5 MPH)
|
| Bottom of the 5th over - 1 run, 2 hits, 0 errors, 1 left on base; Hagerstown 1 - Binghamton 1 |
| TOP OF THE 6TH |
|
Hagerstown Suns batting - Pitching for Binghamton Mets : RHP Raymundo Pato
|
|
Batting: LHB John Holst
|
0-0: Ball 1-0: Called Strike 1-1: Called Strike 1-2: Strikes out swinging
|
|
Batting: RHB John Savard
|
0-0: Ball 1-0: Ball 2-0: Ball 3-0: Called Strike 3-1: DOUBLE (Line Drive, 7LM, EV 100.0 MPH)
|
|
Batting: LHB Vince McLane
|
0-0: Swinging Strike 0-1: Foul Ball, location: 2F 0-2: Ball 1-2: Ball 2-2: Strikes out swinging
|
|
Batting: LHB Yasuo Igarashi
|
0-0: Foul Ball, location: 2F 0-1: Foul Ball, location: 2F 0-2: Foul Ball, location: 2F 0-2: Ball 1-2: Ball 2-2: Ground out 4-3 (Groundball, 4, EV 91.9 MPH)
|
| Top of the 6th over - 0 runs, 1 hit, 0 errors, 1 left on base; Hagerstown 1 - Binghamton 1 |
| BOTTOM OF THE 6TH |
|
Binghamton Mets batting - Pitching for Hagerstown Suns : LHP Peni Keli'i
|
|
Batting: LHB Jamel Alexander
|
0-0: Ball 1-0: Called Strike 1-1: SINGLE (Line Drive, 4M, EV 98.8 MPH)
|
|
Pitching: RHP Luis Astudillo
|
|
|
Batting: LHB Bayesa Mundhir
|
0-0: Ball 1-0: Ball 2-0: Ball 3-0: Base on Balls Jamel Alexander to second
|
|
Batting: RHB Mike Hanks
|
0-0: Foul Ball, location: 2F 0-1: Ball 1-1: Fly out, F8 (Flyball, 8LXD, EV 103.1 MPH) Runner from 2nd tags up, SAFE at 3rd, no throw by CF
|
|
Batting: SHB Jason Evans
|
0-0: Ball 1-0: Ball 2-0: Called Strike 2-1: Grounds into double play, 4-6-3 (Groundball, 4, EV 108.1 MPH)
|
| Bottom of the 6th over - 0 runs, 1 hit, 0 errors, 1 left on base; Hagerstown 1 - Binghamton 1 |
| TOP OF THE 7TH |
|
Hagerstown Suns batting - Pitching for Binghamton Mets : RHP Raymundo Pato
|
|
Pitching: RHP Justin Wilkins
|
|
|
Batting: SHB Alex Medina
|
0-0: Ball 1-0: Ground out U3 (Groundball, 3, EV 85.0 MPH)
|
|
Batting: LHB Adam Jacobs
|
0-0: Ball 1-0: Ground out 4-3 (Groundball, 4, EV 101.9 MPH)
|
|
Batting: LHB Adam Lancaster
|
0-0: Ball 1-0: SINGLE (Groundball, 56S, EV 68.8 MPH) (infield hit)
|
|
Batting: LHB Chris Williams
|
0-0: Foul Ball, location: 2F 0-1: Ball 1-1: Foul Ball, location: 2F 1-2: Ball 2-2: Ball 3-2: Strikes out swinging
|
| Top of the 7th over - 0 runs, 1 hit, 0 errors, 1 left on base; Hagerstown 1 - Binghamton 1 |
| BOTTOM OF THE 7TH |
|
Binghamton Mets batting - Pitching for Hagerstown Suns : RHP Luis Astudillo
|
|
Pitching: RHP Danny Hoekenga
|
|
|
Batting: LHB Dan Bremseth
|
0-0: Called Strike 0-1: Ball 1-1: Ball 2-1: Ball 3-1: Base on Balls
|
|
Batting: SHB Jerry Burrows
|
0-0: Ball 1-0: Ball 2-0: Ball 3-0: Called Strike 3-1: Base on Balls Dan Bremseth to second
|
|
Batting: RHB David Stayton
|
0-0: Ball 1-0: Ball 2-0: Ball 3-0: Called Strike 3-1: Base on Balls Dan Bremseth to third Jerry Burrows to second
|
|
Batting: RHB Gang-sheng Chew
|
0-0: Called Strike 0-1: SINGLE (Groundball, 6MD, EV 104.4 MPH) Dan Bremseth scores Jerry Burrows to third David Stayton to second
|
|
Batting: RHB Oscar Bravo
|
0-0: Ball 1-0: Grounds into fielders choice U2 (Groundball, 15S, EV 68.1 MPH) David Stayton to third Gang-sheng Chew to second
|
|
Batting: LHB Jamel Alexander
|
0-0: Foul Ball, location: 2F 0-1: Ball 1-1: Swinging Strike 1-2: SINGLE (Groundball, 4D, EV 98.8 MPH) David Stayton scores Gang-sheng Chew to third Oscar Bravo to second
|
|
Batting: LHB Bayesa Mundhir
|
0-0: Ball 1-0: Foul Ball, location: 2F 1-1: Called Strike 1-2: Strikes out swinging
|
|
Batting: RHB Mike Hanks
|
0-0: Ball 1-0: Foul Ball, location: 2F 1-1: Foul Ball, location: 2F 1-2: Strikes out looking
|
| Bottom of the 7th over - 2 runs, 2 hits, 0 errors, 3 left on base; Hagerstown 1 - Binghamton 3 |
| TOP OF THE 8TH |
|
Hagerstown Suns batting - Pitching for Binghamton Mets : RHP Justin Wilkins
|
|
Batting: RHB Leo Gutierrez
|
0-0: Swinging Strike 0-1: Ground out 5-3 (Groundball, 56, EV 104.4 MPH)
|
|
Batting: LHB John Holst
|
0-0: DOUBLE (Line Drive, 7LM, EV 106.2 MPH)
|
|
Batting: RHB John Savard
|
0-0: Ground out 5-3 (Groundball, 56, EV 104.4 MPH)
|
|
Batting: LHB Vince McLane
|
0-0: Ball 1-0: Called Strike 1-1: Ball 2-1: Ball 3-1: Foul Ball, location: 2F 3-2: Base on Balls
|
|
Batting: LHB Yasuo Igarashi
|
0-0: Swinging Strike 0-1: Foul Ball, location: 2F 0-2: Ball 1-2: Fly out, F5 (Popup, 5F, EV 76.9 MPH)
|
| Top of the 8th over - 0 runs, 1 hit, 0 errors, 2 left on base; Hagerstown 1 - Binghamton 3 |
| BOTTOM OF THE 8TH |
|
Binghamton Mets batting - Pitching for Hagerstown Suns : RHP Danny Hoekenga
|
|
Pitching: RHP Chris Lawrence
|
|
|
Batting: SHB Jason Evans
|
0-0: Ball 1-0: Called Strike 1-1: Foul Ball, location: 2F 1-2: SINGLE (Groundball, 4MS, EV 65.0 MPH) (infield hit)
|
|
Batting: LHB Dan Bremseth
|
0-0: Fly out, F8 (Flyball, 8RD, EV 82.5 MPH)
|
|
Batting: SHB Jerry Burrows
|
0-0: Ball Jason Evans is caught stealing 2nd base 2-6 1-0: Foul Ball, location: 2F 1-1: Ball 2-1: Fly out, F8 (Flyball, 78M, EV 85.6 MPH)
|
| Bottom of the 8th over - 0 runs, 1 hit, 0 errors, 0 left on base; Hagerstown 1 - Binghamton 3 |
| TOP OF THE 9TH |
|
Hagerstown Suns batting - Pitching for Binghamton Mets : RHP Justin Wilkins
|
|
Pitching: RHP Pat Sprague
|
|
|
Now at SS: Zane Kelton
|
|
|
Batting: SHB Alex Medina
|
0-0: Ball 1-0: Ball 2-0: Ball 3-0: Base on Balls
|
|
Batting: LHB Adam Jacobs
|
0-0: Fly out, F9 (Flyball, 89D, EV 90.6 MPH)
|
|
Batting: LHB Adam Lancaster
|
0-0: Ball 1-0: Ball 2-0: Ball 3-0: Called Strike 3-1: Fielders Choice at 2nd, 2-6 (Groundball, 2R, EV 73.8 MPH)
|
|
Batting: LHB Chris Williams
|
0-0: Ball 1-0: Fly out, F9 (Flyball, 89M, EV 95.0 MPH)
|
| Top of the 9th over - 0 runs, 0 hits, 0 errors, 1 left on base; Hagerstown 1 - Binghamton 3 |
|